 Dungeon Crawl Stone Soup version 0.22-a0-3-g4fa69d9 (webtiles) character file.

38873 KristoblXynda the Cleaver (level 14, -11/108 HPs)
             Began as a Naga Skald on Jan 1, 2018.
             Was a High Priest of Fedhas.
             Shot with a bolt by an orc warrior (21 damage)
             ... on level 2 of the Orcish Mines.
             The game lasted 01:29:48 (26003 turns).

KristoblXynda the Cleaver (Naga Skald)             Turns: 26003, Time: 01:29:52

Health: -11/108    AC: 21    Str: 15    XL:     14   Next: 4%
Magic:  19/23      EV: 13    Int: 17    God:    Fedhas [*****.]
Gold:   2161       SH:  7    Dex: 14    Spells: 19/25 levels left

rFire    . . .     SeeInvis +   P - +2 broad axe (elec)
rCold    . . .     Gourm    .   s - +0 buckler
rNeg     + . .     Faith    .   K - +2 acid dragon scales
rPois    +         Spirit   .   I - +2 helmet
rElec    .         Reflect  +   J - +2 cloak
rCorr    +         Harm     .   y - +2 pair of gloves {Dex+3}
MR       +....                  (no barding)
Stlth    +++++.....             b - +3 amulet of reflection
HPRegen  1.28/turn              M - ring of stealth
MPRegen  0.18/turn              n - ring of positive energy

@: very slightly contaminated, regenerating, very slow
A: large, see invisible, deformed body, poison resistance, slowness 2, slow
metabolism 1, spit poison 1, constrict 1, AC +4
a: Spit Poison, Fungal Bloom, Evolution, Sunlight, Growth, Reproduction, Rain,
Renounce Religion


You were on level 2 of the Orcish Mines.
You worshipped Fedhas.
Fedhas was extremely pleased with you.
You were not hungry.

You visited 5 branches of the dungeon, and saw 23 of its levels.

You collected 2161 gold pieces.

Inventory:

Hand Weapons
 P - a +2 broad axe of electrocution (weapon)
 V - a +5 antimagic broad axe
Missiles
 z - 2 throwing nets (quivered)
Armour
 s - a +0 buckler (worn)
 y - a +2 pair of gloves of dexterity (worn)
 I - a +2 helmet (worn)
 J - a +2 cloak (worn)
 K - +2 acid dragon scales (worn)
Jewellery
 b - a +3 amulet of reflection (around neck)
 n - a ring of positive energy (right hand)
 L - an uncursed ring of protection from magic
 M - a ring of stealth (left hand)
Wands
 a - a wand of acid (9)
 f - a wand of disintegration (24)
 B - a wand of scattershot (4)
 C - a wand of digging (14)
 R - a wand of iceblast (14)
 U - a wand of clouds (3)
Scrolls
 g - 9 scrolls of remove curse
 j - 8 scrolls of immolation
 o - 5 scrolls of fear
 p - 3 scrolls of magic mapping
 u - 2 scrolls of enchant armour
 A - 4 scrolls of identify
 G - a scroll of amnesia
 N - 2 scrolls of fog
 T - 8 scrolls of teleportation
Potions
 c - 2 potions of heal wounds
 e - 2 potions of resistance
 h - 3 potions of cancellation
 i - 2 potions of agility
 k - a potion of might
 l - 4 potions of brilliance
 q - 5 potions of flight
 t - 4 potions of haste
 w - 2 potions of ambrosia
 x - a potion of invisibility
 E - a potion of magic
 F - 3 potions of lignification
 H - 6 potions of curing
 Y - a potion of berserk rage
Books
 m - a Young Poisoner's Handbook

   Spells                             Type                      Level
   a - Sting                          Conjuration/Poison           1
   b - Poisonous Vapours              Poison/Air                   2
   c - Mephitic Cloud                 Conjuration/Poison/Air       3
   d - Olgreb's Toxic Radiance        Poison                       4
   e - Venom Bolt                     Conjuration/Poison           5
 D - a book of Frost

   Spells                             Type                      Level
   a - Freeze                         Ice                          1
   b - Throw Frost                    Conjuration/Ice              2
   c - Ozocubu's Armour               Charms/Ice                   3
   d - Throw Icicle                   Conjuration/Ice              4
   e - Summon Ice Beast               Ice/Summoning                4
Miscellaneous
 r - a phial of floods
 W - a crystal ball of energy
Comestibles
 d - 19 rations


   Skills:
 - Level 2.0 Fighting
 + Level 11.3 Axes
 - Level 6.0 Armour
 + Level 7.5 Dodging
 - Level 9.1 Stealth
 - Level 2.6 Shields
 + Level 6.3 Spellcasting
 - Level 10.0 Charms
 - Level 9.1 Invocations
 - Level 9.1 Evocations


You had 19 spell levels left.
You knew the following spells:

 Your Spells              Type           Power        Failure   Level  Hunger
a - Spectral Weapon       Hex/Chrm       ###.....     6%          3    ##.....
b - Regeneration          Chrm/Necr      ###.......   6%          3    ##.....


Dungeon Overview and Level Annotations

Branches:
Dungeon (14/15)            Temple (1/1) D:4            Lair (5/6) D:9
 Shoals (1/4) Lair:3        Snake (0/4) Lair:2        Slime (0/5) Lair:5
    Orc (2/2) D:10            Elf (0/3) Orc:2
 Vaults: D:13-14

Altars:
Ashenzari
Cheibriados
Dithmenos
Elyvilon
Fedhas
Gozag
Hepliaklqana
Kikubaaqudgha
Makhleb
Nemelex Xobeh
Okawaru
Qazlal
Ru
Sif Muna
Trog
Uskayaw
Vehumet
Wu Jian
Xom
Yredelemnul
Zin
The Shining One
Beogh
Jiyva

Shops:
D:5 (   Orc:2 }   Shoals:1 [

Portals:
Trove: D:14 (give +4 shadow dragon scales)


Innate Abilities, Weirdness & Mutations

You cannot wear boots.
Your serpentine skin is tough. (AC +4)
You have supernaturally acute eyesight. (SInv)
Armour fits poorly on your strangely shaped body.
Your system is resistant to poisons. (rPois)
You cover ground very slowly.
You have a slow metabolism.
You can spit poison.
You can use your snake-like lower body to constrict enemies.


Message History

The orc warrior hits you with an uncursed great mace!
* * * LOW HITPOINT WARNING * * *
The orc knight roars a battlecry!
The orcs go into a battle-frenzy!
The orc warrior hits you with a mace!!
* * * LOW HITPOINT WARNING * * *
Items here: (( )))))) †† Blink to where?
Press: ? - help, Dir - move target cursor You are very lightly contaminated with residual magic.
As you read the scroll of blinking, it crumbles to dust.
Unknown command.
Casting: Regeneration
Confirm with . or Enter, or press ? or * to list all spells.
Your skin crawls.
The orc warrior unwields an uncursed great mace.
The orc warrior wields an uncursed arbalest.
The orc warrior shoots a bolt.
The bolt hits you!!
You die...
Fedhas appreciates your contribution to the ecosystem.

######....#)#### #$#
##..ooo### #..# ###.#)#.####
...# ###...(#..#.## #....
##.....()f....##.....
#............#.#.....
##.....(..(.f........
##......#.....((....#
#....@###......<(.#.#
#.#....# ##........##
###...###...........#
##.#.................#
##.##..........#........
#####...#.............##....
##.##...###.#......##.#.#....
# #.......#######....######
######.......###.#....#..## .


You could see 2 orc warriors, an orc and a friendly wandering mushroom.

Vanquished Creatures
  An orc warlord (Orc:1)
  2 slime creatures (D:14)
  A catoblepas (Lair:3)
  2 centaur warriors
  A hydra (Lair:4)
  A death yak (Lair:3)
  A two-headed ogre (D:8)
  An orc high priest (Orc:1)
  2 orc knights
  An ugly thing (D:11)
  An orc sorcerer (Orc:1)
  A cyclops (Orc:1)
  A manticore (Lair:3)
  Maurice (Orc:2)
  3 black mambas
  3 spiny frogs
  A gargoyle (D:11)
  A torpor snail (Lair:2)
  2 komodo dragons
  A rime drake (Lair:1)
  An efreet (D:13)
  A hornet (D:9)
  2 polar bears
  4 trolls
  6 blink frogs
  4 hippogriffs
  A vampire (D:14)
  A shadow (D:13)
  11 yaks
  3 wyverns
  Eustachio (D:5)
  A fire elemental (Lair:5)
  A wandering mushroom (D:9)
  3 basilisks
  A wraith (D:11)
  4 fire bats (Lair:5)
  A steam dragon (D:10)
  3 wargs
  Menkaure (D:5)
  2 soldier ants (D:9)
  An acid dragon (D:9)
  9 water moccasins
  4 porcupines
  An ice beast (D:12)
  2 eyes of draining
  26 orc warriors
  4 sky beasts
  5 black bears
  A necrophage (D:9)
  2 phantoms
  4 wolves
  11 ogres
  10 centaurs
  3 crocodiles
  Blork the orc (D:5)
  11 bullfrogs
  2 wyvern skeletons
  3 scorpions
  8 wights
  A howler monkey (D:4)
  8 electric eels (D:11)
  A bullfrog zombie (D:11)
  2 lava snakes (Lair:5)
  6 hounds
  Crazy Yiuf (D:7)
  4 jellies
  18 orc priests
  22 orc wizards
  6 centaur skeletons
  Natasha (D:4)
  11 worker ants
  2 ogre zombies (D:10)
  2 ogre skeletons (D:10)
  A mummy (D:7)
  2 hound zombies
  A hound skeleton (D:7)
  12 gnolls
  11 adders
  3 shadow imps
  2 oozes
  4 worms
  A dart slug (D:1)
  5 leopard geckos
  62 orcs
  A ball python (D:5)
  3 giant cockroaches
  17 goblins
  15 hobgoblins
  7 jackals (D:3)
  4 quokkas
  A ball python skeleton (D:6)
  4 bats
  2 frilled lizards
  3 goblin skeletons (D:10)
  2 goblin zombies (D:10)
  A hobgoblin skeleton (D:10)
  2 hobgoblin zombies (D:10)
  2 jackal skeletons
  16 kobolds
  A leopard gecko skeleton (D:7)
  9 orc skeletons (D:10)
  5 orc zombies (D:10)
  A quokka zombie (D:5)
  9 rats
  A spectral orc (D:3)
  A fire vortex (Lair:5)
  A toadstool (D:9)
485 creatures vanquished.

Vanquished Creatures (collateral kills)
  A hydra (Lair:2)
  The ghost of wazuzu the Spear-Bearer, a journeyman DsGl of Makhleb (D:10)
  2 death yaks (Lair:3)
  An orc knight (Orc:1)
  A cyclops (D:12)
  2 gargoyles
  2 spiny frogs (Lair:2)
  A hornet (D:13)
  2 blink frogs
  A slime creature (D:14)
  2 hippogriffs
  9 yaks
  A water elemental (D:11)
  A spriggan (Lair:4)
  2 hungry ghosts (D:10)
  A warg (Orc:2)
  5 orc warriors
  A centaur (D:11)
  2 wolves (Lair:4)
  A big kobold (D:12)
  A troll zombie (D:10)
  A wight (D:7)
  A hound (D:5)
  An orc wizard (D:6)
  3 orc priests
  Natasha (twice) (D:4)
  2 worker ants
  3 ogre skeletons (D:10)
  An adder (D:7)
  An adder skeleton (D:5)
  13 orcs
  A ball python (D:7)
  A hobgoblin skeleton (D:10)
  2 orc zombies (D:10)
72 creatures vanquished.

Vanquished Creatures (others)
  Fannar (D:12)
  2 orc warriors (Orc:2)
  13 wandering mushrooms
  5 fungi
  4 plants
  471 toadstools
496 creatures vanquished.

Grand Total: 1053 creatures vanquished

Notes
Turn   | Place    | Note
-------+----------+-------------------------------------------
     0 | D:1      | KristoblXynda the Naga Skald began the quest for the Orb.
     0 | D:1      | Reached XP level 1. HP: 19/19 MP: 3/3
    80 | D:1      | Reached skill level 1 in Armour
    90 | D:1      | Reached XP level 2. HP: 25/26 MP: 5/5
   851 | D:2      | Reached XP level 3. HP: 32/32 MP: 6/6
   856 | D:2      | Learned a level 3 spell: Regeneration
   911 | D:2      | Reached XP level 4. HP: 17/39 MP: 7/7
   913 | D:2      | Reached skill level 3 in Axes
  2005 | D:3      | Reached XP level 5. HP: 44/45 MP: 8/8
  2151 | D:3      | Reached skill level 1 in Stealth
  2613 | D:3      | Reached XP level 6. HP: 48/52 MP: 9/9
  3181 | D:3      | Found a bloodstained altar of Trog.
  3181 | D:3      | Found a blossoming altar of Fedhas.
  3181 | D:3      | Found a shattered altar of Ashenzari.
  3181 | D:3      | Found a sacrificial altar of Ru.
  3187 | D:3      | Became a worshipper of Fedhas Madash
  3231 | D:3      | Found a basalt altar of Yredelemnul.
  3348 | D:3      | Found an ornate altar of the Wu Jian Council.
  3352 | D:3      | Found an iron altar of Okawaru.
  3611 | D:4      | Reached skill level 4 in Axes
  3939 | D:4      | Found a staircase to the Ecumenical Temple.
  3958 | Temple   | Entered the Ecumenical Temple
  4077 | D:4      | Noticed a phantom
  4131 | D:4      | Reached XP level 7. HP: 33/60 MP: 10/10
  4217 | D:4      | Reached skill level 1 in Shields
  4234 | D:4      | Reached * piety under Fedhas
  4300 | D:4      | Noticed Natasha
  4500 | D:4      | Killed Natasha
  4500 | D:4      | Reached skill level 5 in Charms
  4502 | D:4      | Noticed Natasha
  4509 | D:4      | Killed Natasha
  4631 | D:4      | Noticed Natasha
  4636 | D:4      | Killed Natasha
  4718 | D:5      | Entered Level 5 of the Dungeon
  4718 | D:5      | Noticed Blork the orc
  4739 | D:5      | Killed Blork the orc
  4739 | D:5      | Reached skill level 5 in Stealth
  4965 | D:5      | Noticed Eustachio
  4975 | D:5      | Killed Eustachio
  4975 | D:5      | Reached XP level 8. HP: 67/67 MP: 11/11
  5025 | D:5      | Reached skill level 5 in Axes
  5356 | D:5      | Found a stormy altar of Qazlal.
  5391 | D:5      | Found Uphept's Antique Weapon Shoppe.
  5472 | D:5      | Noticed Menkaure
  5479 | D:5      | Killed Menkaure
  6129 | D:6      | Reached skill level 1 in Invocations
  6171 | D:6      | Found a glowing golden altar of the Shining One.
  6385 | D:6      | Reached skill level 1 in Evocations
  6536 | D:6      | Found a glowing silver altar of Zin.
  6789 | D:7      | Reached XP level 9. HP: 70/73 MP: 12/12
  6848 | D:7      | Reached ** piety under Fedhas
  6891 | D:7      | Reached skill level 6 in Axes
  7191 | D:7      | Found a snail-covered altar of Cheibriados.
  7737 | D:7      | Reached *** piety under Fedhas
  8070 | D:7      | Found a runed door.
  8075 | D:7      | Noticed Crazy Yiuf
  8088 | D:7      | Killed Crazy Yiuf
  8378 | D:8      | Noticed a troll
  8407 | D:8      | Killed a troll
  8445 | D:8      | Reached XP level 10. HP: 20/80 MP: 13/13
  8759 | D:8      | Noticed a gargoyle
  8774 | D:8      | Killed a gargoyle
  9448 | D:8      | Reached skill level 7 in Axes
  9518 | D:8      | Noticed a two-headed ogre
  9527 | D:8      | Killed a two-headed ogre
  9645 | D:9      | Noticed a centaur warrior
  9664 | D:9      | Killed a centaur warrior
  9664 | D:9      | Reached skill level 5 in Armour
  9664 | D:9      | Reached skill level 5 in Invocations
 10008 | D:9      | Reached skill level 5 in Evocations
 10048 | D:9      | Reached XP level 11. HP: 75/86 MP: 16/16
 10070 | D:9      | Found a staircase to the Lair.
 10315 | D:9      | Found a shadowy altar of Dithmenos.
 10490 | D:9      | Found a sparkling altar of Nemelex Xobeh.
 11285 | D:10     | Entered Level 10 of the Dungeon
 11457 | D:10     | Found a staircase to the Orcish Mines.
 11463 | D:10     | Reached **** piety under Fedhas
 11573 | D:10     | Noticed wazuzu's ghost (journeyman DsGl)
 11588 | D:10     | Killed wazuzu's ghost
 12095 | D:10     | Reached skill level 8 in Axes
 13976 | D:11     | Noticed a green ugly thing
 14043 | D:11     | Killed a green ugly thing
 14479 | D:11     | HP: 3/86 [gargoyle/stone arrow (21)]
 15942 | D:12     | Noticed a cyclops
 15959 | D:12     | Killed a cyclops
 16345 | D:12     | Noticed Fannar
 16588 | D:12     | Killed Fannar
 16588 | D:12     | Reached skill level 5 in Spellcasting
 17453 | D:13     | Reached XP level 12. HP: 92/93 MP: 19/19
 17699 | D:13     | Noticed a centaur warrior
 17717 | D:13     | Killed a centaur warrior
 18229 | D:14     | Found a portal to a secret trove of treasure.
 18305 | D:14     | Identified a scroll of acquirement
 18324 | D:14     | Noticed a vault guard
 18324 | D:14     | Noticed a vault guard
 18324 | D:14     | Noticed a deep elf knight
 18373 | D:14     | Reached skill level 9 in Axes
 18891 | Lair:1   | Entered Level 1 of the Lair of Beasts
 19778 | Lair:2   | Noticed a four-headed hydra
 19789 | Lair:2   | Killed a five-headed hydra
 20250 | Lair:2   | Found a staircase to the Snake Pit.
 20409 | Lair:2   | Reached skill level 5 in Dodging
 20820 | Lair:3   | Noticed a death yak
 20826 | Lair:3   | Noticed a death yak
 20827 | Lair:3   | Noticed a death yak
 20832 | Lair:3   | Killed a death yak
 20846 | Lair:3   | Killed a death yak
 20848 | Lair:3   | Killed a death yak
 20848 | Lair:3   | Reached skill level 10 in Charms
 20848 | Lair:3   | Gained mutation: You can use your snake-like lower body to constrict enemies. [Naga growth]
 20848 | Lair:3   | Reached XP level 13. HP: 12/99 MP: 20/20
 21130 | Lair:3   | Learned a level 3 spell: Spectral Weapon
 21380 | Lair:3   | Found a staircase to the Shoals.
 21731 | Lair:3   | Reached skill level 10 in Axes
 22189 | Lair:4   | Reached ***** piety under Fedhas
 23246 | Shoals:1 | Entered Level 1 of the Shoals
 23246 | Shoals:1 | Found Xeqewk's Armour Emporium.
 23908 | Lair:5   | Found a viscous altar of Jiyva.
 23910 | Lair:5   | Found a staircase to the Slime Pits.
 24424 | Orc:1    | Entered Level 1 of the Orcish Mines
 24527 | Orc:1    | Noticed an orc warlord
 24548 | Orc:1    | Killed an orc warlord
 24830 | Orc:1    | Reached skill level 11 in Axes
 24883 | Orc:1    | Found a roughly hewn altar of Beogh.
 25440 | Orc:2    | Entered Level 2 of the Orcish Mines
 25440 | Orc:2    | Found Sutobbutt's Gadget Boutique.
 25547 | Orc:2    | Noticed Maurice
 25566 | Orc:2    | Killed Maurice
 25787 | Orc:2    | Found a staircase to the Elven Halls.
 25812 | Orc:2    | Reached XP level 14. HP: 108/108 MP: 23/23
 26003 | Orc:2    | Shot with a bolt by an orc warrior

Vault maps used:
D:1:      dpeg_arrival_tiny_k
D:2:      first_ration, serial_co_window_serial, co_window_of_opportunity_a,
          co_window_corner_a, co_window_paths_a, co_window_paths_a,
          co_window_paths_b, co_window_paths_a, co_window_corner_a,
          co_window_broadway_b, co_window_broadway_a,
          co_window_of_opportunity_b, co_window_sun
D:3:      yredelemnul_forgotten_temple_becter, minmay_overflow_temple_hex,
          roderic_roman_lattice
D:4:      temple_statues, uniq_natasha
D:5:      nicolae_qazlal_general_emergency, serial_corexii_hall,
          corexii_hall_statues_i, corexii_hall_statues_i, serial_shops, shop,
          serial_bayou_lagoon_b, uniq_blork_the_orc, uniq_eustachio,
          uniq_menkaure
D:6:      tso_altar, zin_treasury
D:7:      corexii_shantytown, slow_altar_1, uniq_crazy_yiuf_cottage
D:9:      wad_cavern_with_rooms, nemelex_xobeh_ov_fountains_minmay,
          grunt_dithmenos_smoke_and_mirrors, lair_entry_dummy,
          hangedman_pestilent_swarm
D:10:     zombieorc2_lemuel, serial_co_window_serial, co_window_paths_a,
          co_window_paths_b, co_window_cross_1, co_window_of_opportunity_a,
          co_window_corner_a, co_window_paths_a, co_window_corner_a,
          co_window_of_opportunity_a, co_window_corner_a,
          co_window_unsneaky_path_c, co_window_corner_ca,
          co_window_of_opportunity_b, co_window_broadway_b, co_window_4corner_a,
          glass_columns_c, glass_columns_a, glass_columns_b, glass_columns_a,
          hangedman_decor_clover_reticule
D:12:     minmay_stone_box, uniq_fannar
D:14:     grunt_vaults_entry_fortified, enter_trove_2, roderic_serpentine_path
Temple:   dpeg_three_leaves_temple
Lair:2:   dummy_snake_entry, st_stairs_11, fungi_pond_lemuel,
          hibernation_bobbens
Lair:3:   minmay_shoals_entry_beasts, hangedman_lair_generics_rect
Lair:4:   grunt_forest_stairs_clearing, grunt_megastairs_4
Lair:5:   slime_altar_1
Shoals:1: serial_shops, nicolae_shop_crystal, nicolae_shop_crystal,
          nicolae_shop_trees, lemuel_centaur_altar
Orc:1:    orc_temple
Orc:2:    st_orc_rangers, serial_shops, nicolae_shop_stone, uniq_maurice

Skill      XL: |  1  2  3  4  5  6  7  8  9 10 11 12 13 |
---------------+----------------------------------------+-----
Armour         | 1 2 3 4 5 6 |  6.0
Axes           | 3 4 5 6 7 8 9 11 | 11.3
Charms         | 4 5 6 7 8 10 | 10.0
Stealth        | 2 3 5 7 9 |  9.1
Shields        | 2 |  2.6
Invocations    | 1 4 5 7 8 9 |  9.1
Evocations     | 1 3 5 6 7 9 |  9.1
Spellcasting   | 3 5 6 |  6.3
Dodging        | 3 5 7 |  7.5
Fighting       | |  2.0

Action                   |  1- 3 |  4- 6 |  7- 9 | 10-12 | 13-15 || total
-------------------------+-------+-------+-------+-------+-------++-------
Melee: Hand axe          |    45 |   273 |   329 |   636 |       ||  1283
       Broad axe         |       |       |       |   158 |   307 ||   465
       War axe           |       |       |       |    18 |       ||    18
       Constrict         |       |       |       |       |    70 ||    70
Throw: Tomahawk          |       |       |     2 |       |       ||     2
 Cast: Regeneration      |       |       |     1 |     4 |     8 ||    13
Invok: Fungal Bloom      |       |     8 |    41 |    54 |    37 ||   140
       Evolution         |       |       |     3 |     9 |     4 ||    16
 Abil: Spit Poison       |     9 |    24 |    13 |    25 |     9 ||    80
Evoke: Wand              |       |       |     1 |     4 |    10 ||    15
       Phial of floods   |       |       |       |     1 |       ||     1
  Use: Potion            |     2 |       |     3 |     7 |     1 ||    13
       Scroll            |       |     6 |    13 |    12 |     6 ||    37
 Stab: Sleeping          |       |       |    21 |    35 |    10 ||    66
       Confused          |       |       |       |     4 |       ||     4
       Paralysed         |       |       |       |    11 |     3 ||    14
       Distracted        |       |       |       |     4 |     1 ||     5
       Petrified         |       |       |       |       |     2 ||     2
  Eat: Ration            |       |     3 |     3 |    10 |     4 ||    20
       Chunk             |       |     1 |     2 |     6 |       ||     9
Armor: Leather armour    |     4 |       |       |       |       ||     4
       Ring mail         |    32 |   165 |   180 |   185 |       ||   562
       Skin              |       |       |    67 |       |       ||    67
       Acid dragon scale |       |       |       |   217 |   162 ||   379
Dodge: Dodged            |    28 |   133 |   140 |   337 |   202 ||   840
Block: Buckler           |       |       |    60 |   157 |   142 ||   359
       Reflection        |       |       |       |       |    11 ||    11

Table legend:
 A = Spawn XP
 B = Non-spawn XP
 C = Spawn XP percentage of total XP
 D = Spawn monster count
 E = Non-spawn monster count
 F = Spawn count percentage of total count
 G = Total turns spent on level
                    A         B        C        D         E        F      G
               +---------+---------+-------+---------+---------+-------+---------
         Total |       0 |   55534 |   0.0 |       0 |     557 |   0.0 | 26003
               +---------+---------+-------+---------+---------+-------+---------
           D:1 |       0 |      21 |   0.0 |       0 |      12 |   0.0 |   847
           D:2 |       0 |     136 |   0.0 |       0 |      29 |   0.0 |  1153
           D:3 |       0 |     251 |   0.0 |       0 |      39 |   0.0 |  1376
           D:4 |       0 |     456 |   0.0 |       0 |      17 |   0.0 |  1258
           D:5 |       0 |     868 |   0.0 |       0 |      25 |   0.0 |  1185
           D:6 |       0 |     616 |   0.0 |       0 |      23 |   0.0 |   869
           D:7 |       0 |    1794 |   0.0 |       0 |      51 |   0.0 |  1365
           D:8 |       0 |    2411 |   0.0 |       0 |      23 |   0.0 |  1484
           D:9 |       0 |    4043 |   0.0 |       0 |      34 |   0.0 |  1694
          D:10 |       0 |    2505 |   0.0 |       0 |      57 |   0.0 |  1582
          D:11 |       0 |    3124 |   0.0 |       0 |      25 |   0.0 |  2874
          D:12 |       0 |    1823 |   0.0 |       0 |      14 |   0.0 |  1717
          D:13 |       0 |    2940 |   0.0 |       0 |      16 |   0.0 |   861
          D:14 |       0 |    3299 |   0.0 |       0 |      14 |   0.0 |   598
        Lair:1 |       0 |    1542 |   0.0 |       0 |       8 |   0.0 |   990
        Lair:2 |       0 |    3965 |   0.0 |       0 |      17 |   0.0 |  1087
        Lair:3 |       0 |    7679 |   0.0 |       0 |      23 |   0.0 |  1232
        Lair:4 |       0 |    3432 |   0.0 |       0 |      17 |   0.0 |  1183
        Lair:5 |       0 |    2911 |   0.0 |       0 |      15 |   0.0 |   958
         Orc:1 |       0 |    8550 |   0.0 |       0 |      62 |   0.0 |  1065
         Orc:2 |       0 |    3168 |   0.0 |       0 |      36 |   0.0 |   514
               +---------+---------+-------+---------+---------+-------+---------
